 Dungeon Sprint DCSS version 0.30-a0-368-g86fb4627a9 (webtiles) character file.

Game seed: 2609603928400131854

2519 Darkkill the Covert (level 9, -4/65 HPs)
             Began as a Gargoyle Monk on Nov 18, 2022.
             Was an Elder of Nemelex Xobeh.
             Slain by an acid dragon (10 damage)
             ... in the Dungeon (Sprint VII: "The Pits").
             The game lasted 00:04:53 (985 turns).

Darkkill the Covert (Gargoyle Monk)                  Turns: 985, Time: 00:04:53

Health: -4/65      AC: 16    Str: 22    XL:     9   Next: 54%
Magic:  3/3        EV: 13    Int: 11    God:    Nemelex Xobeh [****..]
Gold:   0          SH:  0    Dex: 12    Spells: 8/8 levels left

rFire   + . .      SeeInvis .    q - +2 scimitar of Havoc {antimagic, Fly rF+ rC+}
rCold   + . .      Faith    .    (no shield)
rNeg    + . .      Spirit   .    t - +4 scale mail
rPois   ∞          Reflect  .    (no helmet)
rElec   +          Harm     .    b - +0 cloak
rCorr   .          Rampage  .    (no gloves)
Will    .....      NoTele   +    (no boots)
Stlth   ++++......               (no amulet)
HPRegen 0.30/turn                a - +3 ring of protection
MPRegen 0.08/turn                r - +3 ring of strength

@: corroded, flying
A: sickness immunity, AC +6, negative energy resistance 1, electricity
resistance, torment resistance 1, petrification resistance
a: Renounce Religion, Draw Escape, Draw Destruction, Draw Summoning, Triple
Draw, Deal Four


You were in the Dungeon.
You worshipped Nemelex Xobeh.
Nemelex Xobeh was greatly pleased with you.
You visited 1 branch

Inventory:

Hand Weapons
 p - a +4 quarterstaff of chaos
 q - the +2 scimitar of Havoc (weapon) {antimagic, Fly rF+ rC+}
   (You found it in the Dungeon)

   It reduces the magical energy of the wielder, and disrupts the spells and
   magical abilities of those it strikes.
   Natural abilities and divine invocations are not affected.
   rF:        It protects you from fire.
   rC:        It protects you from cold.
   Fly:       It grants you flight.
Missiles
 l - 13 stones (quivered)
Armour
 b - a +0 cloak (worn)
 t - a +4 scale mail (worn)
Jewellery
 a - a +3 ring of protection (left hand)
 r - a +3 ring of strength (right hand)
Wands
 j - a wand of flame (3)
Scrolls
 i - a scroll of blinking
 m - 5 scrolls of amnesia
 n - a scroll of summoning
Potions
 c - a potion of ambrosia
 d - 9 potions of curing {@q1}
 e - 8 potions of heal wounds
 f - 5 potions of haste
 g - 4 potions of magic
 h - 2 potions of berserk rage
 k - 2 potions of invisibility
 s - 2 potions of might


   Skills:
 + Level 12.2 Fighting
 + Level 11.3 Maces & Flails
 + Level 9.5 Dodging
 + Level 13.0 Stealth


You had 8 spell levels left.
You didn't know any spells.
Your spell library was empty.

Dungeon Overview and Level Annotations

Branches:
Dungeon (1/1)

Altars:
Ashenzari
Cheibriados
Dithmenos
Elyvilon
Fedhas
Gozag
Hepliaklqana
Kikubaaqudgha
Makhleb
Nemelex Xobeh
Okawaru
Qazlal
Ru
Sif Muna
Trog
Uskayaw
Vehumet
Wu Jian
Xom
Yredelemnul
Zin
The Shining One
Jiyva
Lugonu


Innate Abilities, Weirdness & Mutations

You are immune to sickness and miasma.
Your stone body is resilient. (AC +6)
You are immune to poison.
You resist negative energy. (rN+)
You are resistant to electric shocks. (rElec)
You are resistant to unholy torment.
You are immune to petrification.


Message History

You have drawn the Orb.
Press: ? - help, Shift-Dir - straight line, f - vampire mosquito
Aim: a vampire mosquito The wavering orb of destruction weakly hits the iron imp!!
You blow up the iron imp!
Your orb of destruction hits a metal wall.
The vampire mosquito buzzes angrily.
The vampire mosquito barely misses you.
The vampire mosquito completely misses you.
Your Stealth skill increases to level 13!
You completely miss the vampire mosquito.
Your orb of destruction hits a metal wall.
The vampire mosquito completely misses you.
Your orb of destruction hits a metal wall.
The vampire mosquito barely misses you. x2
Your orb of destruction hits a metal wall.
The vampire mosquito barely misses you.
The vampire mosquito bites you but does no damage.
The vampire mosquito bites you.
You closely miss the vampire mosquito. The vampire mosquito barely misses you.
The vampire mosquito completely misses you.
The vampire mosquito barely misses you. x3
The vampire mosquito bites you but does no damage.
The vampire mosquito misses you.
The vampire mosquito bites you but does no damage. x2
You barely miss the vampire mosquito.
The vampire mosquito bites you but does no damage. x2
The vampire mosquito bites you.
The vampire mosquito closely misses you.
The vampire mosquito bites you but does no damage.
The vampire mosquito closely misses you.
The vampire mosquito barely misses you.
You slash the vampire mosquito!
The vampire mosquito is moderately damaged.
The vampire mosquito closely misses you.
The vampire mosquito misses you.
The vampire mosquito bites you but does no damage.
The vampire mosquito misses you.
The vampire mosquito bites you but does no damage. x2
The acid dragon closely misses you. The acid dragon claws you.
The vampire mosquito bites you but does no damage. x2
You slash the vampire mosquito!
The vampire mosquito is moderately damaged.
The vampire mosquito misses you. The vampire mosquito barely misses you.
The vampire mosquito closely misses you.
The vampire mosquito bites you but does no damage. x2
The acid dragon misses you.
The acid dragon claws you but does no damage.
The vampire mosquito bites you. The vampire mosquito barely misses you.
The vampire mosquito misses you. The acid dragon spits acid at you.
The splash of acid hits you!! The acid corrodes you!
The vampire mosquito bites you but does no damage.
You hit the vampire mosquito.
The vampire mosquito is moderately damaged.
The vampire mosquito misses you. The vampire mosquito bites you!
The vampire mosquito bites you.
* * * LOW HITPOINT WARNING * * *
The vampire mosquito bites you but does no damage. x2
The vampire mosquito closely misses you.
The acid dragon bites you but does no damage.
The acid dragon claws you but does no damage.
The vampire mosquito bites you but does no damage.
You slash the vampire mosquito!
The vampire mosquito is heavily damaged.
The vampire mosquito misses you. The vampire mosquito bites you.
* * * LOW HITPOINT WARNING * * *
The vampire mosquito completely misses you.
The vampire mosquito bites you but does no damage.
The vampire mosquito completely misses you.
The acid dragon bites you but does no damage.
The acid dragon claws you but does no damage.
The vampire mosquito misses you.
The vampire mosquito bites you but does no damage. x2
You slash the vampire mosquito!
The vampire mosquito is almost destroyed.
The vampire mosquito bites you but does no damage.
The vampire mosquito bites you!
* * * LOW HITPOINT WARNING * * *
The vampire mosquito barely misses you.
The acid dragon bites you but does no damage.
The acid dragon closely misses you.
The vampire mosquito bites you but does no damage.
The vampire mosquito closely misses you. x2
The acid dragon bites you but does no damage.
The acid dragon claws you but does no damage.
The vampire mosquito misses you.
The vampire mosquito bites you but does no damage.
The vampire mosquito closely misses you.
You closely miss the vampire mosquito.
The vampire mosquito is moderately damaged.
The vampire mosquito closely misses you.
The vampire mosquito bites you but does no damage.
The vampire mosquito bites you.
* * * LOW HITPOINT WARNING * * *
The vampire mosquito bites you but does no damage.
The vampire mosquito closely misses you.
The acid dragon bites you!
You die...
Your body glows with a rainbow of weird colours and disappears.

####......#..#......#
[[##................#
))#####'#####''######
))##.......##''#####
.)##.......##......#
..##.......##......#
'###...<...###....##
..##.......# ##''##
..##.......# #..@y#
####.......##).Dyy.#
.)###########....).'..
.############......#....
.#....#..[.###....## ...
)#..).#..[[# ##''## #.
.)).÷.'..))# ....
)#)...#...)# ....)
.#....#..)[#


You could see an acid dragon and 3 vampire mosquitoes.

Vanquished Creatures
  Urug (D)
  An orc knight (D)
  2 trolls (D)
  A jumping spider (D)
  A redback (D)
  An acid dragon (D)
  2 orc warriors (D)
  An ice beast (D)
  2 centaurs (D)
  A gnoll sergeant (D)
  A jelly (D)
  2 iron imps (D)
  A hound (D)
  A mummy (D)
  3 gnolls (D)
  An adder (D)
  A river rat (D)
  A shadow imp (D)
  A white imp (D)
  An ufetubus (D)
  5 orcs (D)
  An endoplasm (D)
  A giant cockroach (D)
  A goblin (D)
  2 kobolds (D)
  A quokka (D)
  A ball python (D)
  A giant cockroach zombie (D)
39 creatures vanquished.

Notes
Turn   | Place    | Note
-------+----------+-------------------------------------------
     0 | D        | Darkkill the Gargoyle Monk began the quest for the Orb.
     0 | D        | Reached XP level 1. HP: 14/14 MP: 1/1
    15 | D        | HP: 2/14 [ufetubus (1)]
    21 | D        | Reached skill level 3 in Stealth
    26 | D        | Found a bloodstained altar of Trog.
    26 | D        | Found a shimmering blue altar of Sif Muna.
    26 | D        | Found a viscous altar of Jiyva.
    26 | D        | Found a hazy altar of Hepliaklqana.
    26 | D        | Found an opulent altar of Gozag.
    32 | D        | Found a glowing golden altar of the Shining One.
    32 | D        | Found a glowing silver altar of Zin.
    32 | D        | Found a basalt altar of Yredelemnul.
    32 | D        | Found a shimmering altar of Xom.
    32 | D        | Found an ornate altar of the Wu Jian Council.
    32 | D        | Found a sacrificial altar of Ru.
    32 | D        | Found a stormy altar of Qazlal.
    32 | D        | Found an iron altar of Okawaru.
    32 | D        | Found a sparkling altar of Nemelex Xobeh.
    32 | D        | Found a burning altar of Makhleb.
    32 | D        | Found a blossoming altar of Fedhas.
    32 | D        | Found a white marble altar of Elyvilon.
    32 | D        | Found a shadowy altar of Dithmenos.
    32 | D        | Found a snail-covered altar of Cheibriados.
    35 | D        | Found a corrupted altar of Lugonu.
    35 | D        | Found a radiant altar of Vehumet.
    36 | D        | Found an ancient bone altar of Kikubaaqudgha.
    36 | D        | Found a hide-covered altar of Uskayaw.
    36 | D        | Found a broken altar of Ashenzari.
    41 | D        | Became a worshipper of Nemelex Xobeh the Trickster
    41 | D        | Reached * piety under Nemelex Xobeh
    41 | D        | Received a gift from Nemelex Xobeh
    41 | D        | Reached ** piety under Nemelex Xobeh
    55 | D        | Received a gift from Nemelex Xobeh
    89 | D        | Reached XP level 2. HP: 20/20 MP: 2/2
   148 | D        | Reached skill level 4 in Stealth
   148 | D        | Reached XP level 3. HP: 14/25 MP: 3/3
   152 | D        | Reached skill level 5 in Fighting
   354 | D        | Reached skill level 5 in Stealth
   354 | D        | Reached XP level 4. HP: 31/31 MP: 4/4
   355 | D        | Reached *** piety under Nemelex Xobeh
   356 | D        | Noticed an ice beast
   364 | D        | Killed an ice beast
   365 | D        | Reached skill level 5 in Dodging
   365 | D        | Reached skill level 6 in Stealth
   365 | D        | Reached XP level 5. HP: 37/37 MP: 5/5
   371 | D        | Noticed a centaur
   376 | D        | Killed a centaur
   377 | D        | Reached skill level 7 in Stealth
   377 | D        | Reached XP level 6. HP: 34/44 MP: 6/6
   416 | D        | Noticed a jumping spider
   432 | D        | HP: 8/44 [jumping spider (13)]
   446 | D        | Killed a jumping spider
   447 | D        | Reached skill level 8 in Stealth
   543 | D        | Noticed Blork the orc
   543 | D        | Noticed an ice beast
   543 | D        | Noticed Crazy Yiuf
   545 | D        | Crazy Yiuf changed into Crazy Yiuf the jelly
   545 | D        | Noticed Crazy Yiuf
   545 | D        | an ice beast changed into an acid dragon
   545 | D        | Noticed an acid dragon
   545 | D        | Blork the orc changed into Blork the hound
   545 | D        | Noticed Blork
   550 | D        | Killed Crazy Yiuf the jelly
   551 | D        | Reached XP level 7. HP: 39/50 MP: 7/7
   555 | D        | Reached skill level 9 in Stealth
   555 | D        | Killed Blork the hound
   623 | D        | Noticed a redback
   623 | D        | Noticed an orc knight
   632 | D        | HP: 1/51 [orc warrior/+0 dire flail of protection[an orc
                  | knight] (25)]
   638 | D        | HP: 12/76 [orc warrior/+0 dire flail of protection[an orc
                  | knight] (10)]
   641 | D        | Killed an orc knight
   641 | D        | HP: 3/76 [orc warrior/+0 dire flail of protection[an orc
                  | knight] (3)]
   642 | D        | Reached skill level 10 in Fighting
   642 | D        | Reached skill level 10 in Stealth
   642 | D        | Reached XP level 8. HP: 4/58 MP: 8/8
   643 | D        | Reached skill level 11 in Stealth
   844 | D        | Got the +2 scimitar of Havoc {antimagic, Fly rF+ rC+}
   946 | D        | Received a gift from Nemelex Xobeh
   946 | D        | Reached **** piety under Nemelex Xobeh
   952 | D        | Received a gift from Nemelex Xobeh
   958 | D        | Noticed a troll
   960 | D        | Reached skill level 10 in Maces & Flails
   963 | D        | Noticed a troll
   964 | D        | Noticed Urug
   966 | D        | Killed a troll
   968 | D        | Reached XP level 9. HP: 58/64 MP: 3/9
   968 | D        | Killed a troll
   969 | D        | Reached skill level 12 in Stealth
   971 | D        | Killed Urug
   977 | D        | Reached skill level 13 in Stealth
   984 | D        | HP: 9/65 [vampire mosquito (8)]
   985 | D        | Slain by an acid dragon

Illustrated notes

Levels and vault maps discovered:
D:        pitsprint [storerooms_1, entrance_room_1, metal_vault_2, armoury_1,
          mini_pit_1, grid_room_1, main_hall_1, silver_pit, the_coven_2,
          the_vestibule_1, steel_vault_3, golden_pit, hallway_of_sentries,
          crystal_vault_1, iron_vault_2, final_vault]

Skill      XL: |  1  2  3  4  5  6  7  8  9 |
---------------+----------------------------+-----
Stealth        | 3 4 5 6 7 8 10 11 13 | 13.0
Fighting       | 4 5 6 7 8 10 11 12 | 12.2
Dodging        | 3 4 5 6 8 9 |  9.5
Maces & Flails | 4 6 7 9 10 11 | 11.3

Action                   |  1- 3 |  4- 6 |  7- 9 || total
-------------------------+-------+-------+-------++-------
Melee: Mace              |     8 |       |       ||     8
       Quarterstaff      |    38 |    31 |    17 ||    86
       Scimitar          |       |       |    13 ||    13
Invok: Draw Destruction  |       |     3 |    16 ||    19
  Use: Potion            |       |     3 |     3 ||     6
Armor: Robe              |    12 |       |       ||    12
       Chain mail        |     5 |    29 |     5 ||    39
       Scale mail        |       |       |    44 ||    44
Dodge: Dodged            |    50 |    23 |    53 ||   126

Table legend: (Time is in decaauts)
 A = Elapsed time spent in this place.
 B = Non-inter-level travel time spent in this place.
 C = Inter-level travel time spent in this place.
 D = Time resting spent in this place.
 E = Time spent auto-exploring this place.
 F = Levels seen in this place.
 G = Mean time per level.
                   A        B        C        D        E       F      G
               +--------+--------+--------+--------+--------+-----+--------+
         Total |    987 |    915 |     72 |    482 |      0 |   1 |  987.0 |
       Dungeon |    987 |    915 |     72 |    482 |      0 |   1 |  987.0 |
               +--------+--------+--------+--------+--------+-----+--------+

Top non-repeatable levels by time:
       D: 987 daAuts

Table legend:
 A = Kills in this place as a percentage of kills in entire the game.
 B = Kills by you in this place as a percentage of kills by you in the entire game.
 C = Kills by friends in this place as a percentage of kills by friends in the entire game.
 D = Other kills in this place as a percentage of other kills in the entire game.
 E = Experience gained in this place as a percentage of experience gained in the entire game.
 F = Experience gained in this place divided by the number of levels of this place that you have seen.
                   A       B       C       D       E      F
               +-------+-------+-------+-------+-------+----------------------
         Total | 100.0 | 100.0 |   N/A |   N/A | 100.0 | 3599.0
       Dungeon | 100.0 | 100.0 |   N/A |   N/A | 100.0 | 3599.0
               +-------+-------+-------+-------+-------+----------------------
